 Dungeon Crawl Stone Soup version 0.30.0-19-g36f170ea60 (webtiles) character file.

Game seed: 7573313173910268001

135 Bamboolord the Grave Robber (level 4, -2/32 HPs)
             Began as a Demonspawn Necromancer on May 29, 2023.
             Slain by a phantom (7 damage)
             ... on level 3 of the Dungeon.
             The game lasted 00:04:37 (2409 turns).

Bamboolord the Grave Robber (DsNe)                  Turns: 2409, Time: 00:04:38

Health: -2/32      AC:  4    Str:  8    XL:     4   Next: 96%
Magic:  17/17      EV: 12    Int: 18    God:
Gold:   154        SH:  0    Dex: 14    Spells: 5/9 levels left

rFire   . . .        i - +1 dagger (vamp)
rCold   . . .        (no shield)
rNeg    . . .        a - +0 robe
rPois   .            t - +1 helmet
rElec   .            (no cloak)
rCorr   .            (no gloves)
SInv    .            (no boots)
Will    .....        (no amulet)
Stlth   ++           c - ring of magical power
HPRegen 0.25/turn    (no ring)
MPRegen 0.30/turn

%: no passive effects
@: no status effects
A: hooves 1, spiny 1, magic regeneration
a: no special abilities


You were on level 3 of the Dungeon.
You visited 1 branch of the dungeon, and saw 3 of its levels.

You collected 154 gold pieces.

Inventory:

Hand Weapons
 i - a +1 vampiric dagger (weapon)
Armour
 a - a +0 robe (worn)
 o - a +0 leather armour of cold resistance
 t - a +1 helmet (worn)
Jewellery
 c - a ring of magical power (left hand)
 d - a ring of ice
 n - an amulet of faith
Scrolls
 j - a scroll of summoning {unknown}
 l - a scroll of immolation
 q - a scroll of blinking {unknown}
 u - a scroll of brand weapon {unknown}
 v - a scroll of fog {unknown}
Potions
 b - a potion of magic
 e - 2 potions of curing
 f - a potion of attraction {unknown}
 g - a potion of might {unknown}
 h - 3 potions of heal wounds
 k - a potion of berserk rage {unknown}
 m - a potion of degeneration {unknown}
 p - a potion of haste {unknown}
 r - a potion of flight {unknown}
 s - a potion of mutation {unknown}


   Skills:
 * Level 1.6 Fighting
 * Level 2.1 Dodging
 + Level 1.8 Stealth
 * Level 3.3 Spellcasting
 * Level 5.4 Necromancy


You had 5 spell levels left.
You knew the following spells:

 Your Spells              Type           Power      Damage    Failure   Level
a - Necrotise             Necr           88%        1d8       1%          1
b - Vampiric Draining     Necr           22%        2d7       4%          3

Your spell library contained the following spells:

 Spells                   Type           Power      Damage    Failure   Level
 Animate Dead             Necr           22%        N/A       17%         4
 Agony                    Necr           22%        N/A       43%         5


Dungeon Overview and Level Annotations

Branches:
Dungeon (3/15)

Altars:


Innate Abilities, Weirdness & Mutations

You have large cloven feet.
You are partially covered in sharp spines.
You regenerate magic rapidly.


Message History

Your quokka skeleton misses the phantom.
You closely miss the phantom.
The phantom is moderately damaged.
The phantom hits you.
Your quokka skeleton barely misses the phantom.
You hit the phantom. You kick the phantom, but do no damage.
The phantom is moderately damaged.
The phantom hits you.
The phantom blinks!
You blink.
You are too injured to fight recklessly!
You are too injured to fight recklessly!
You are too injured to fight recklessly!
You hit the phantom but do no damage. Your kick misses the phantom.
The phantom is moderately damaged.
Your quokka skeleton crumbles into dust!
Your orc wizard skeleton crumbles into dust!
The phantom is struck by your spines. The phantom hits you.
* * * LOW HITPOINT WARNING * * *
You closely miss the phantom. Your kick misses the phantom.
The phantom is heavily damaged.
The phantom barely misses you.
You barely miss the phantom.
The phantom is heavily damaged.
The phantom hits you but does no damage.
You hit the phantom. Your kick misses the phantom.
The phantom is heavily damaged.
The phantom misses you.
You barely miss the phantom. Your kick misses the phantom.
The phantom is heavily damaged.
The phantom hits you.
* * * LOW HITPOINT WARNING * * *
You closely miss the phantom. You kick the phantom, but do no damage.
The phantom is heavily damaged.
The phantom barely misses you.
You closely miss the phantom. Your kick misses the phantom.
The phantom is heavily damaged.
The phantom is struck by your spines. The phantom hits you.
* * * LOW HITPOINT WARNING * * *
The phantom blinks!
You blink.
The phantom hits you!
You die...

...#.....!# #.....{..#
......... #......<.#
#..##.####.......$# ##+###
#?................# .....#
#.##.#####........##
.....###..).............>..
....>##..)................##
##........ยงยง......#.......#
.........####.#.@.#######.#
#######.##.....W........... #
..........#...###.##. #
.<#................... #
#..#..#.#.....#.#.#.... ##.#.
#).#.#...###.#.# .. ##.# ..#
#..(# #.# # ##.#..# #... #.#
##.#.. #.) #.#


You could see a phantom.

Vanquished Creatures
  2 orc wizards
  3 gnolls (D:3)
  3 orcs
  6 endoplasms
  4 giant cockroaches
  3 goblins
  3 hobgoblins
  6 jackals
  4 quokkas
  3 ball pythons
  5 bats
  2 kobolds
  4 rats
48 creatures vanquished.

Vanquished Creatures (collateral kills)
  A ball python (D:3)
1 creature vanquished.

Grand Total: 49 creatures vanquished

Notes
Turn   | Place    | Note
-------+----------+-------------------------------------------
     0 | D:1      | Bamboolord the Demonspawn Necromancer began the quest for
                  | the Orb.
     0 | D:1      | Reached XP level 1. HP: 13/13 MP: 3/3
   260 | D:1      | Gained mutation: You are partially covered in sharp spines.
                  | [demonic ancestry]
   260 | D:1      | Reached XP level 2. HP: 20/20 MP: 5/5
  1113 | D:2      | Found a faded altar of an unknown god.
  1316 | D:2      | Gained mutation: You regenerate magic rapidly. [demonic
                  | ancestry]
  1316 | D:2      | Reached XP level 3. HP: 25/25 MP: 6/6
  1449 | D:2      | Learned a level 3 spell: Vampiric Draining
  1713 | D:3      | Reached skill level 5 in Necromancy
  1722 | D:3      | HP: 1/25 [gnoll/+0 spear (4)]
  1826 | D:3      | Reached skill level 1 in Fighting
  1941 | D:3      | Gained mutation: You have large cloven feet. [demonic
                  | ancestry]
  1941 | D:3      | Reached XP level 4. HP: 32/32 MP: 8/8
  2008 | D:3      | Noticed a phantom
  2409 | D:3      | Slain by a phantom

Illustrated notes

Levels and vault maps discovered:
D:1:      evilmike_arrival_hilbert_curve, layout_basic, minmay_misc_feat_x,
          roderic_malta_cross, chequers_serial_rivers_large_a
D:2:      layout_rooms, nicolae_ecumenical_pavilion
D:3:      layout_basic, serial_rivers, chequers_serial_rivers_small_a,
          chequers_serial_rivers_large_b, chequers_serial_rivers_micro_b,
          chequers_serial_rivers_micro_a, chequers_serial_rivers_micro_c,
          minmay_crystal_room

Skill      XL: |  1  2  3  4 |
---------------+-------------+-----
Dodging        | 2 |  2.1
Necromancy     | 5 |  5.4
Fighting       | 1 |  1.6
Spellcasting   | 3 |  3.3
Stealth        | |  1.8

Action                     |  1- 3 |  4- 6 || total
---------------------------+-------+-------++-------
  Melee: Unarmed           |    22 |       ||    22
         Dagger            |     2 |    16 ||    18
         Kick              |       |     3 ||     3
   Cast: Necrotise         |    52 |    19 ||    71
         Vampiric Draining |     5 |     2 ||     7
    Use: Scroll            |     4 |       ||     4
 Armour: Robe              |    12 |     9 ||    21
  Dodge: Dodged            |    33 |    10 ||    43
